 Dungeon Crawl Stone Soup version 0.26.1-2-gb8aa6d0cf2 (webtiles) character file.

Game seed: 16188964687661496019

164388 OdinFK the Unseen (level 17, -5/89 HPs)
             Began as a Vine Stalker Necromancer on Mar 25, 2021.
             Was the Champion of Kikubaaqudgha.
             Slain by an eight-headed hydra (11 damage)
             ... on level 4 of the Swamp on Mar 26, 2021.
             The game lasted 03:10:25 (27612 turns).

OdinFK the Unseen (Vine Stalker Necromancer)       Turns: 27612, Time: 03:10:26

Health: -5/89      AC: 13    Str: 19    XL:     17   Next: 85%
Magic:  0/24       EV: 20    Int: 15    God:    Kikubaaqudgha [******]
Gold:   983        SH:  7    Dex: 27    Spells: 7/24 levels left

rFire    + + .     SeeInvis .   a - +9 rapier of the Lesser Evil {freeze, rPois rN++ Int-5 Dex+2}
rCold    + . .     Faith    .   B - +0 buckler
rNeg     + + .     Spirit   +   n - +1 leather armour "Astrui Ukkier" {Will+ Int+2 Slay+2 Stlth+}
rPois    +         Reflect  .   g - +2 hat "Lafos" {rF+}
rElec    .         Harm     .   K - +2 cloak {rPois}
rCorr    .         Rampage  .   X - +0 pair of gloves of the Pit {rF+ Dex+5}
Will     +++..                  q - +1 pair of boots of Eternal Vigilance {+Fly rC+ Dex+3}
Stlth    ++++++++..             (no amulet)
HPRegen  1.04/turn              p - +4 ring of slaying
MPRegen  0.19/turn              b - +6 ring of strength

@: lethally poisoned (-5 -> -5), about to teleport
A: fangs 3, regeneration 2, magic shield, antimagic bite, no potion heal 3
a: Renounce Religion, Evoke Flight, Receive Corpses, Torment, Brand Weapon With
Pain, Receive Necronomicon


You were on level 4 of the Swamp.
You worshipped Kikubaaqudgha.
Kikubaaqudgha was exalted by your worship.
You visited 5 branches of the dungeon, and saw 30 of its levels.
You also visited: Trove, Sewer, Gauntlet and Ice Cave.

You collected 3303 gold pieces.
You spent 2320 gold pieces at shops.

Inventory:

Hand Weapons
 a - the +9 rapier of the Lesser Evil (weapon) {freeze, rPois rN++ Int-5 Dex+2}
   (You found it on level 3 of the Lair of Beasts)

   It has been specially enchanted to freeze those struck by it, causing extra
   injury to most foes and up to half again as much damage against particularly
   susceptible opponents.
   It can also slow down cold-blooded creatures.
   It affects your intelligence (-5).
   It affects your dexterity (+2).
   It protects you from poison.
   It greatly protects you from negative energy.
Armour
 g - the +2 hat "Lafos" (worn) {rF+}
   (You found it on level 4 of the Lair of Beasts)

   It protects you from fire.
 l - +0 acid dragon scales
 n - the +1 leather armour "Astrui Ukkier" (worn) {Will+ Int+2 Slay+2 Stlth+}
   (You found it on level 14 of the Dungeon)

   It affects your intelligence (+2).
   It affects your accuracy and damage with ranged weapons and melee attacks
   (+2).
   It affects your willpower, your defense against some magical effects.
   It makes you more stealthy.
 q - the +1 pair of boots of Eternal Vigilance (worn) {+Fly rC+ Dex+3}
   (You found it in a Gauntlet)

   It affects your dexterity (+3).
   It protects you from cold.
   It lets you fly.
 B - a +0 buckler (worn)
 K - a +2 cloak of poison resistance (worn)
 X - the +0 pair of gloves of the Pit (worn) {rF+ Dex+5}
   (You found it on level 3 of the Lair of Beasts)

   It affects your dexterity (+5).
   It protects you from fire.
Jewellery
 b - a +6 ring of strength (right hand)
 j - the ring of Awe {rPois rC++ MP+9 Str+4 Slay-4}
   (You acquired it on level 4 of the Spider Nest)

   [ring of magical power]

   It affects your strength (+4).
   It affects your accuracy and damage with ranged weapons and melee attacks
   (-4).
   It greatly protects you from cold.
   It protects you from poison.
   It affects your magic capacity (+9).
 p - a +4 ring of slaying (left hand)
 E - an uncursed ring of ice
 J - the ring "Hoirr" {Fire Int+9 Stlth+}
   (You found it on level 3 of the Lair of Beasts)

   [ring of fire]

   It enhances your fire magic.
   It affects your intelligence (+9).
   It protects you from fire.
   It makes you vulnerable to cold.
   It makes you more stealthy.
 P - an uncursed ring of flight
Wands
 o - a wand of iceblast (33)
 v - a wand of enslavement (48)
 O - a wand of disintegration (16)
 Q - a wand of digging (9)
 R - a wand of flame (103) (quivered)
 T - a wand of paralysis (37)
 Y - a wand of acid (14)
Scrolls
 f - 4 scrolls of fear
 i - 3 scrolls of enchant armour
 k - 6 scrolls of immolation
 s - 3 scrolls of fog
 t - 15 scrolls of teleportation
 u - 17 scrolls of remove curse
 w - a scroll of enchant weapon
 x - 2 scrolls of blinking
 F - a scroll of amnesia
 G - 3 scrolls of vulnerability
 L - 2 scrolls of silence
 M - 8 scrolls of magic mapping
 U - a scroll of brand weapon {unknown}
 Z - 3 scrolls of torment
Potions
 c - 11 potions of curing
 h - 13 potions of haste
 m - 4 potions of might
 r - 2 potions of resistance
 z - a potion of cancellation {unknown}
 A - 2 potions of invisibility
 C - 3 potions of magic
 H - a potion of ambrosia {unknown}
 I - 2 potions of berserk rage
 N - 6 potions of brilliance
 W - a potion of experience {unknown}
Miscellaneous
 d - a tin of tremorstones (2/2)
 e - a box of beasts
 y - a condenser vane
 D - a phantom mirror
 S - a lightning rod (4/4)


   Skills:
 - Level 10.0 Fighting
 + Level 10.7(10.8) Short Blades
 - Level 0.6(6.8) Long Blades
 - Level 2.0 Throwing
 - Level 4.0 Armour
 - Level 8.0 Dodging
 + Level 18.5 Stealth
 - Level 4.0 Shields
 - Level 4.0 Spellcasting
 + Level 18.4 Necromancy
 - Level 6.0 Evocations


You had 7 spell levels left.
You knew the following spells:

 Your Spells              Type           Power        Failure   Level
a - Excruciating Wounds   Necr           27%          1%          5
c - Vampiric Draining     Necr           27%          1%          3
d - Animate Dead          Necr           27%          1%          4
e - Agony                 Necr           55%          1%          5

Your spell library contained the following spells:

 Spells                   Type           Power        Failure   Level
 Animate Skeleton         Necr           100%         0%          1
 Pain                     Necr           100%         0%          1
 Sublimation of Blood     Necr           27%          0%          2
 Dispel Undead            Necr           55%          1%          4
 Apportation              Tloc           6%           21%         1
 Beastly Appendage        Tmut           6%           21%         1
 Corona                   Hex            3%           21%         1
 Foxfire                  Conj/Fire      12%          21%         1
 Sandblast                Erth           6%           21%         1
 Shock                    Conj/Air       12%          21%         1
 Sting                    Tmut/Pois      12%          21%         1
 Summon Small Mammal      Summ           12%          21%         1
 Blink                    Tloc           N/A          30%         2
 Call Imp                 Summ           3%           30%         2
 Ensorcelled Hibernation  Hex/Ice        6%           30%         2
 Passwall                 Tmut/Erth      2%           30%         2
 Poisonous Vapours        Pois/Air       6%           30%         2
 Slow                     Hex            3%           30%         2
 Swiftness                Air            3%           30%         2
 Wereblood                Tmut           3%           30%         2
 Confusing Touch          Hex            3%           52%         3
 Conjure Flame            Conj/Fire      3%           52%         3
 Dazzling Flash           Conj/Hex       6%           52%         3
 Gell's Gravitas          Tloc           1%           52%         3
 Ignite Poison            Fire/Tmut/Pois 3%           52%         3
 Inner Flame              Hex/Fire       3%           52%         3
 Mephitic Cloud           Conj/Pois/Air  3%           52%         3
 Portal Projectile        Hex/Tloc       6%           52%         3
 Static Discharge         Conj/Air       3%           52%         3
 Stone Arrow              Conj/Erth      6%           52%         3
 Simulacrum               Ice/Necr       15%          58%         6
 Airstrike                Air            1%           90%         4
 Fulminant Prism          Conj/Hex       1%           90%         4
 Hailstorm                Conj/Ice       3%           90%         4
 Ice Form                 Ice/Tmut       3%           90%         4
 Olgreb's Toxic Radiance  Pois           3%           90%         4
 Petrify                  Tmut/Erth      3%           90%         4
 Sticky Flame             Conj/Fire      3%           90%         4
 Blade Hands              Tmut           1%           99%         5
 Bolt of Magma            Conj/Fire/Erth 1%           99%         5
 Fireball                 Conj/Fire      1%           99%         5
 Irradiate                Conj/Tmut      1%           99%         5
 Lee's Rapid Deconstruct  Erth           1%           99%         5
 Lightning Bolt           Conj/Air       1%           99%         5
 Metabolic Englaciation   Hex/Ice        1%           99%         5
 Summon Demon             Summ           1%           99%         5
 Summon Forest            Summ/Tloc      1%           99%         5
 Summon Mana Viper        Hex/Summ       3%           99%         5
 Yara's Violent Unravell  Hex/Tmut       1%           99%         5
 Haunt                    Necr/Summ      15%          99%         7
 Freezing Cloud           Conj/Ice/Air   1%           100%        6
 Hydra Form               Tmut           1%           100%        6
 Iron Shot                Conj/Erth      1%           100%        6
 Ozocubu's Refrigeration  Ice            1%           100%        6
 Shadow Creatures         Summ           N/A          100%        6
 Statue Form              Tmut/Erth      2%           100%        6
 Dragon Form              Tmut           1%           100%        7
 Orb of Destruction       Conj           1%           100%        7
 Summon Hydra             Summ           1%           100%        7
 Borgnjor's Revivificati  Necr           27%          58%         8
 Infestation              Necr           27%          58%         8
 Necromutation            Tmut/Necr      15%          100%        8
 Death's Door             Necr           27%          100%        9
 Shatter                  Erth           1%           100%        9


Dungeon Overview and Level Annotations

Branches:
Dungeon (15/15)            Temple (1/1) D:7            Lair (6/6) D:11
  Swamp (4/4) Lair:3       Spider (4/4) Lair:4        Slime (0/5) Lair:5
    Orc (0/2) D:12         Vaults (0/5) D:13         Depths (0/5) D:15
  Sewer (visited)           IceCv (visited)         Gauntlet (visited)

Altars:
Ashenzari
Cheibriados
Dithmenos
Elyvilon
Fedhas
Gozag
Hepliaklqana
Kikubaaqudgha
Makhleb
Nemelex Xobeh
Okawaru
Qazlal
Ru
Sif Muna
Trog
Uskayaw
Vehumet
Wu Jian
Xom
Yredelemnul
Zin
The Shining One
Jiyva

Shops:
D:5 }   D:8 (   D:12 *   D:15 (

Annotations:
Swamp:4 2 transporters, Gokhumny's ghost, adept GnFi
Spider:3 Mara


Innate Abilities, Weirdness & Mutations

You have razor-sharp teeth.
You heal very quickly.
When hurt, damage is shared between your health and your magic reserves.
Your bite disrupts and absorbs the magic of your enemies.
Potions cannot restore your health.


Message History

The eight-headed hydra closely misses you.
The eight-headed hydra bites you!
The eight-headed hydra completely misses you.
The eight-headed hydra bites you. The eight-headed hydra bites you!
The eight-headed hydra bites you.
The bog body touches you but does no damage.
As you read the scroll of teleportation, it crumbles to dust.
You feel strangely unstable.
The bog body points at you and mumbles some strange words.
The bolt of cold hits you! You resist.
* * * LOW HITPOINT WARNING * * *
The eight-headed hydra bites you!
* * * LOW HITPOINT WARNING * * *
The eight-headed hydra bites you.
* * * LOW HITPOINT WARNING * * *
The eight-headed hydra bites you!
* * * LOW HITPOINT WARNING * * *
The eight-headed hydra bites you!
You die...
Kikubaaqudgha rasps: "You have failed me!
Welcome... death!"

.... ♣♣....≈.♣♣ ..♣♣≈≈≈≈.≈♣
.....♣♣♣ ♣≈≈≈≈....♣♣...♣≈≈≈.≈.♣
....≈§≈♣♣♣♣♣≈....♣....♣≈≈♣≈≈§≈≈≈♣
≈.≈§≈≈≈.♣≈.<..≈♣....≈≈.≈≈♣....≈..
≈^≈≈≈≈P≈≈≈............≈≈♣♣♣♣≈...≈
≈.≈≈≈§≈≈≈≈≈≈≈≈≈≈≈≈.Z.♣≈≈.♣♣♣≈≈.♣.
≈.≈≈≈≈..≈≈≈≈≈≈≈≈≈§≈.♣♣≈..≈♣♣♣.≈≈.
♣§≈.≈...≈≈≈≈≈≈≈≈≈n§Z♣.≈≈≈.♣≈§♣♣≈.
♣♣♣♣♣♣.^.§≈≈≈≈≈≈@D.♣♣.≈≈≈....♣♣..
♣♣≈..≈≈≈≈°°°°≈≈♣.≈≈...≈♣♣♣♣.
♣♣♣♣≈≈≈≈°°°°≈≈♣♣♣..♣♣♣♣♣♣..
♣♣♣♣♣...≈♣≈.≈..≈.<≈♣♣♣≈≈≈..
♣♣♣.≈.♣♣♣♣♣♣♣≈..≈..≈≈≈..≈≈≈..
♣♣...≈≈(♣ ♣...♣♣♣≈≈≈≈≈≈≈≈≈..
♣.≈§≈≈≈≈♣ ♣♣.≈≈♣ ♣≈..§≈≈≈≈≈≈♣
♣≈≈≈≈≈≈.♣♣♣♣...≈♣♣♣♣....≈≈≈≈..
♣.≈....♣.≈≈.[≈..♣♣♣≈♣♣♣.≈≈≈≈≈


You could see an eight-headed hydra, a bog body, a friendly swamp drake zombie
and a friendly swamp dragon zombie.

Vanquished Creatures
  Arachne (Spider:2)
  Jorgrun (Spider:3)
  Kirke (D:12)
  A thorn hunter (Swamp:4)
  An emperor scorpion (Spider:3)
  3 entropy weavers
  6 bunyips
  A minotaur (Gauntlet)
  Azrael (D:15)
  Snorg (D:12)
  2 eleionomae
  A fire dragon (D:14)
  Erolcha (D:10)
  Josephine (Spider:1)
  5 catoblepae
  2 ghost crabs
  9 hydras
  2 boulder beetles
  8 death yaks (Lair:6)
  7 two-headed ogres
  7 alligators
  3 tengu warriors
  Sonja (D:12)
  6 spriggan druids
  2 goliath frogs (Swamp:4)
  An unseen horror (D:10)
  9 swamp dragons
  4 lindwurms (Lair:3)
  2 necromancers
  A phantasmal warrior (D:13)
  9 bog bodies
  8 orb spiders
  A wolf spider zombie (D:14)
  2 ugly things
  2 cyclopes (D:15)
  19 wolf spiders
  A deep elf mage (D:15)
  A salamander (shapeshifter) (D:14)
  4 will-o-the-wisps
  8 elephants
  3 moths of wrath
  2 manticores (Lair:6)
  Maurice (D:9)
  2 black mambas
  A torpor snail (Lair:4)
  13 cane toads
  3 rime drakes
  14 demonic crawlers
  5 komodo dragons
  2 ice devils (Lair:1)
  3 tengu conjurers
  2 guardian mummies (D:13)
  24 jumping spiders
  11 tyrant leeches
  5 trolls
  15 blink frogs
  8 hornets
  22 dream sheep
  8 slime creatures
  A meliai zombie (D:15)
  A water elemental (D:11)
  49 redbacks
  A centaur simulacrum (D:14)
  3 vampires
  6 wraiths
  2 shadows
  4 fire elementals
  5 basilisks
  10 spriggans
  4 wyverns
  A yak (shapeshifter) (D:14)
  21 tarantellas
  58 yaks
  Grum (D:8)
  12 vampire mosquitoes
  2 hogs (D:12)
  12 swamp worms
  A soldier ant (D:14)
  2 acid dragons
  4 hell hounds
  14 water moccasins
  7 swamp drakes
  A hornet zombie (D:14)
  3 ice beasts
  12 orc warriors
  A sky beast (D:7)
  An eye of draining (D:9)
  5 black bears
  3 necrophages
  25 wolves
  4 ogres
  5 centaurs
  3 big kobolds
  Blork the orc (D:6)
  23 bullfrogs
  4 scorpions
  A wyvern skeleton (D:9)
  An elephant simulacrum (IceCv)
  15 wights
  12 killer bees
  5 howler monkeys
  2 electric eels
  2 centaur zombies
  3 bullfrog zombies
  3 quasits
  5 centaur skeletons
  9 hounds
  12 orc priests
  Crazy Yiuf (D:6)
  6 bullfrog skeletons
  A jelly (D:11)
  Jessica (D:2)
  An iguana (D:13)
  18 orc wizards
  4 hell rats (Lair:5)
  22 worker ants
  A hound skeleton (D:11)
  A worker ant zombie (D:7)
  16 adders
  11 river rats
  2 shadow imps
  2 white imps
  2 ufetubi
  An ooze (D:7)
  An adder zombie (D:6)
  6 worms
  3 dart slugs
  12 leopard geckos
  62 orcs
  4 bats
  9 giant cockroaches
  7 goblins
  3 hobgoblins
  11 jackals
  10 quokkas
  11 ball pythons (Sewer)
  6 frilled lizards
  21 kobolds
  28 rats
  A butterfly (Lair:2)
957 creatures vanquished.

Vanquished Creatures (collateral kills)
  5 hydras
  A death yak (Lair:6)
  A wolf spider (Spider:2)
  A komodo dragon (Lair:4)
  4 blink frogs (Lair:3)
  A redback (Spider:2)
  A centaur (D:6)
  A white imp (D:7)
  A rat (Lair:5)
16 creatures vanquished.

Vanquished Creatures (others)
  A fire giant (D:15)
  A hydra (Swamp:4)
  A demonic crawler (Spider:3)
  A bloated husk (Swamp:2)
  A redback (Spider:1)
  A yak (Lair:6)
  A death yak simulacrum (IceCv)
  3 wolves (Lair:2)
  A white imp (Gauntlet)
  A briar patch (Swamp:4)
  6 foxfires
  16 fungi
  38 plants
72 creatures vanquished.

Grand Total: 1045 creatures vanquished

Notes
Turn   | Place    | Note
-------+----------+-------------------------------------------
     0 | D:1      | OdinFK the Vine Stalker Necromancer began the quest for the
                  | Orb.
     0 | D:1      | Reached XP level 1. HP: 9/9 MP: 4/4
    68 | D:1      | Learned a level 1 spell: Animate Skeleton
   169 | D:1      | Reached XP level 2. HP: 3/14 MP: 0/6
  1060 | D:2      | Reached XP level 3. HP: 16/17 MP: 7/7
  1225 | D:2      | Reached skill level 1 in Fighting
  1537 | D:2      | Reached skill level 1 in Throwing
  1604 | D:2      | Gained mutation: Your natural rate of healing is unusually
                  | fast. [Vine Stalker growth]
  1604 | D:2      | Reached XP level 4. HP: 16/22 MP: 4/8
  1608 | D:2      | Learned a level 3 spell: Vampiric Draining
  1776 | D:2      | Noticed Jessica
  1786 | D:2      | Killed Jessica
  2176 | D:3      | Reached XP level 5. HP: 26/26 MP: 9/9
  2301 | D:3      | Reached skill level 1 in Armour
  2544 | D:4      | Reached skill level 1 in Short Blades
  2621 | D:4      | Reached skill level 5 in Necromancy
  2655 | D:4      | Found a glowing drain.
  2672 | D:4      | Reached XP level 6. HP: 30/30 MP: 10/10
  2677 | Sewer    | Entered a sewer
  2968 | Sewer    | Reached skill level 1 in Evocations
  3182 | Sewer    | Reached XP level 7. HP: 29/35 MP: 7/11
  3495 | D:4      | Got a shimmering chain mail
  3854 | D:5      | Entered Level 5 of the Dungeon
  4168 | D:5      | Found a snail-covered altar of Cheibriados.
  4351 | D:5      | Found Ozagodwey's Gadget Boutique.
  4472 | D:5      | Learned a level 4 spell: Animate Dead
  4574 | D:5      | Found a glowing silver altar of Zin.
  4908 | D:6      | Found a runed translucent door.
  4943 | D:6      | Noticed Blork the orc
  5095 | D:6      | Reached skill level 1 in Shields
  5095 | D:6      | Gained mutation: You have razor-sharp teeth. [Vine Stalker
                  | growth]
  5095 | D:6      | Reached XP level 8. HP: 29/40 MP: 10/12
  5171 | D:6      | Found a stormy altar of Qazlal.
  5470 | D:6      | Killed Blork the orc
  5478 | D:6      | Reached skill level 5 in Stealth
  5749 | D:6      | Noticed Crazy Yiuf
  5756 | D:6      | Killed Crazy Yiuf
  5944 | D:7      | Found a hide-covered altar of Uskayaw.
  6037 | D:7      | Reached XP level 9. HP: 39/45 MP: 11/13
  6252 | D:7      | Found a white marble altar of Elyvilon.
  6411 | D:7      | Found a staircase to the Ecumenical Temple.
  6416 | Temple   | Entered the Ecumenical Temple
  6518 | Temple   | Became a worshipper of Kikubaaqudgha
  6692 | D:7      | Identified the Papyrus of the Blaze and Execration
  7121 | D:8      | Noticed Grum
  7282 | D:8      | Found Weimpuz's Weapon Shoppe.
  7330 | D:8      | Reached * piety under Kikubaaqudgha
  7330 | D:8      | Identified Kikubaaqudgha's Tome of Evil (Kikubaaqudgha
                  | gifted it to you on level 8 of the Dungeon)
  7330 | D:8      | Received a gift from Kikubaaqudgha
  7413 | D:8      | Noticed a two-headed ogre
  7418 | D:8      | Killed a two-headed ogre
  7419 | D:8      | Reached XP level 10. HP: 51/51 MP: 15/15
  7652 | D:8      | Found a blossoming altar of Fedhas.
  7715 | D:8      | Found an iron altar of Okawaru.
  7776 | D:8      | Killed Grum
  7973 | D:8      | Reached ** piety under Kikubaaqudgha
  8167 | D:8      | Reached skill level 5 in Fighting
  8266 | D:9      | Learned a level 5 spell: Agony
  8267 | D:9      | Found a hazy altar of Hepliaklqana.
  8364 | D:9      | Found an opulent altar of Gozag.
  8649 | D:9      | Noticed Maurice
  8685 | D:9      | Noticed a two-headed ogre
  8719 | D:9      | Killed a two-headed ogre
  8720 | D:9      | Reached skill level 10 in Necromancy
  8823 | D:9      | Killed Maurice
  8873 | D:9      | Reached XP level 11. HP: 55/55 MP: 11/16
  8880 | D:9      | Reached skill level 10 in Stealth
  8881 | D:9      | Found a bloodstained altar of Trog.
  9117 | D:9      | Found a basalt altar of Yredelemnul.
  9137 | D:10     | Entered Level 10 of the Dungeon
  9307 | D:10     | Noticed a two-headed ogre
  9451 | D:10     | Reached *** piety under Kikubaaqudgha
  9451 | D:10     | Identified Kikubaaqudgha's Catalogue of Unholy Arts
                  | (Kikubaaqudgha gifted it to you on level 10 of the Dungeon)
  9451 | D:10     | Received a gift from Kikubaaqudgha
  9507 | D:10     | Noticed a red ugly thing
  9537 | D:10     | Found a stormy altar of Qazlal.
  9576 | D:10     | Noticed Erolcha
  9588 | D:10     | Paralysed by Erolcha for 5 turns
  9725 | D:10     | Found a glowing silver altar of Zin.
  9805 | D:10     | Killed Erolcha
  9963 | D:10     | Killed an unseen horror
 10231 | D:10     | Killed a two-headed ogre
 10354 | D:11     | Noticed a boulder beetle
 10678 | D:11     | Found a staircase to the Lair.
 10770 | D:11     | Killed a boulder beetle
 10771 | D:11     | Gained mutation: You heal very quickly. [Vine Stalker
                  | growth]
 10771 | D:11     | Reached XP level 12. HP: 13/60 MP: 4/17
 10910 | D:11     | Learned a level 5 spell: Excruciating Wounds
 11017 | Lair:1   | Entered Level 1 of the Lair of Beasts
 11088 | Lair:1   | Reached skill level 5 in Short Blades
 11183 | Lair:1   | Reached **** piety under Kikubaaqudgha
 11354 | Lair:1   | Reached skill level 5 in Dodging
 11799 | Lair:2   | Noticed a catoblepas
 11844 | Lair:2   | Noticed a six-headed hydra
 12366 | Lair:2   | Found a frozen archway.
 12376 | IceCv    | Entered an ice cave
 12561 | Lair:2   | Noticed a six-headed hydra
 12872 | Lair:1   | Killed a six-headed hydra
 12918 | Lair:2   | Killed a catoblepas
 13257 | Lair:3   | Reached XP level 13. HP: 65/65 MP: 16/18
 13318 | Lair:3   | Reached ***** piety under Kikubaaqudgha
 13776 | Lair:3   | You fall into a shaft and drop 3 floors!
 13776 | Lair:6   | Entered Level 6 of the Lair of Beasts
 14012 | Lair:6   | Found a radiant altar of Vehumet.
 14251 | Lair:6   | Reached skill level 15 in Necromancy
 14502 | Lair:4   | Got a shimmering hat
 14508 | Lair:4   | Identified the +2 hat "Lafos" {rF+} (You found it on level
                  | 4 of the Lair of Beasts)
 14655 | Lair:3   | Got a faintly glowing golden ring
 14667 | Lair:3   | Got a steaming rapier
 14676 | Lair:3   | Got a smoking rapier
 14700 | Lair:3   | Identified the ring "Hoirr" {Fire Int+9 Stlth+} (You found
                  | it on level 3 of the Lair of Beasts)
 14732 | Lair:3   | Got a pair of translucent gloves
 14738 | Lair:3   | Identified the +0 pair of gloves of the Pit {rF+ Dex+5}
                  | (You found it on level 3 of the Lair of Beasts)
 14918 | Lair:3   | Found a staircase to the Swamp.
 15489 | Lair:4   | Reached XP level 14. HP: 45/70 MP: 14/21
 15606 | Lair:4   | Found a hole to the Spider Nest.
 16089 | Lair:5   | Found a viscous altar of Jiyva.
 16109 | Lair:5   | Found a staircase to the Slime Pits.
 16125 | Lair:5   | Reached ****** piety under Kikubaaqudgha
 16428 | Lair:5   | Identified the +6 rapier "Eviscerator" {venom, rElec Will+}
                  | (You found it on level 3 of the Lair of Beasts)
 16662 | Lair:6   | Identified the +9 rapier of the Lesser Evil {freeze, rPois
                  | rN++ Int-5 Dex+2} (You found it on level 3 of the Lair of
                  | Beasts)
 17495 | D:11     | Reached skill level 15 in Stealth
 17561 | D:12     | Found Ymiregath's General Store.
 17561 | D:12     | Noticed Sonja
 17564 | D:12     | Killed Sonja
 17687 | D:12     | Noticed Snorg
 17695 | D:12     | Killed Snorg
 17754 | D:12     | Identified the +1 chain mail of Free Will {rPois rN+ SInv}
                  | (You found it on level 4 of the Dungeon)
 17961 | D:12     | Found a staircase to the Orcish Mines.
 18005 | D:12     | Noticed Kirke
 18012 | D:12     | Killed Kirke
 18088 | D:13     | Reached XP level 15. HP: 75/75 MP: 22/22
 18158 | D:13     | Found a gate leading to a gauntlet.
 18170 | Gauntlet | Entered a Gauntlet
 18170 | Gauntlet | Found a transporter.
 18170 | Gauntlet | Found a runed translucent door.
 18170 | Gauntlet | Found a transporter.
 18179 | Gauntlet | Found a transporter.
 18182 | Gauntlet | Found a transporter.
 18193 | Gauntlet | Found a transporter.
 18197 | Gauntlet | Found a transporter.
 18207 | Gauntlet | Found a transporter.
 18223 | Gauntlet | Found a transporter.
 18227 | Gauntlet | Found a transporter.
 18245 | Gauntlet | Found a transporter.
 18255 | Gauntlet | Found a transporter.
 18259 | Gauntlet | Found a transporter.
 18264 | Gauntlet | Found a runed translucent door.
 18312 | Gauntlet | Got a pair of slimy boots
 18323 | Gauntlet | Identified the +1 pair of boots of Eternal Vigilance {+Fly
                  | rC+ Dex+3} (You found it in a Gauntlet)
 18401 | Gauntlet | HP: 1/75 [blizzard demon/bolt of lightning (19)]
 18432 | Gauntlet | Identified the +7 scale mail of the World {rC+ Will+}
 18562 | D:13     | Found a gate to the Vaults.
 18690 | D:13     | Found a portal to a secret trove of treasure.
 19128 | D:13     | Got a scorched amber ring
 19314 | D:13     | Identified the cursed ring "Xorgheib" {rC+ Dex-4} (You
                  | found it on level 13 of the Dungeon)
 19617 | D:14     | Got a smelly leather armour
 19673 | D:14     | Identified the +1 leather armour "Astrui Ukkier" {Will+
                  | Int+2 Slay+2 Stlth+} (You found it on level 14 of the
                  | Dungeon)
 19927 | D:15     | Entered Level 15 of the Dungeon
 19999 | D:15     | Noticed Azrael
 20150 | D:15     | Found a staircase to the Depths.
 20150 | D:15     | Noticed a fire giant
 20215 | D:15     | Killed a fire giant
 20307 | D:15     | Killed Azrael
 20418 | D:15     | Found Hiadup's Antique Weapon Shoppe.
 20425 | D:15     | Bought a twisted rapier for 243 gold pieces
 20693 | Spider:1 | Entered Level 1 of the Spider Nest
 20699 | Spider:1 | You fall into a shaft and drop 1 floor!
 21013 | Spider:2 | Noticed Arachne
 21050 | Spider:2 | Killed Arachne
 21051 | Spider:2 | Reached skill level 5 in Evocations
 21051 | Spider:2 | Reached XP level 16. HP: 60/81 MP: 9/23
 21381 | Spider:1 | Noticed Josephine
 21388 | Spider:1 | HP: 4/81 [jumping spider (6)]
 21388 | Spider:1 | HP: 1/81 [jumping spider (3)]
 21881 | Spider:1 | Killed Josephine
 22436 | Spider:3 | Paralysed by a hornet for 1 turns
 22529 | Spider:3 | Noticed Jorgrun
 22533 | Spider:3 | Noticed Mara
 23055 | Spider:3 | Killed Jorgrun
 23304 | Spider:3 | Identified 2 scrolls of acquirement
 23320 | Spider:3 | Noticed OdinFK's illusion
 23461 | Spider:4 | Entered Level 4 of the Spider Nest
 23928 | Spider:4 | Acquired the ring of Awe {rPois rC++ MP+9 Str+4 Slay-4}
 23930 | Spider:4 | Acquired 846 gold pieces
 24307 | D:8      | Bought the +10 hunting sling of Dissent {venom, rElec rF+
                  | rC+} for 1197 gold pieces
 24402 | D:5      | Bought a condenser vane for 440 gold pieces
 24402 | D:5      | Bought a phantom mirror for 440 gold pieces
 24646 | D:13     | You paid a toll of the hunting sling of Dissent to enter a
                  | treasure trove
 24647 | Trove    | Entered a treasure trove
 24661 | Trove    | Identified the Handbook of Unholy Rites and Clay
 24664 | Trove    | Identified Khufu's Collected Works on Evil Secrets
 24685 | Trove    | Identified Sif Muna's Papyrus of Changing
 24688 | Trove    | Identified Spellcraft in Simple Steps
 24713 | Trove    | Identified the Almanac of Supportive Combat Magic
 24945 | Swamp:1  | Entered Level 1 of the Swamp
 25116 | Swamp:1  | Reached XP level 17. HP: 81/87 MP: 21/24
 25608 | Swamp:2  | Reached skill level 10 in Short Blades
 26771 | Swamp:4  | Entered Level 4 of the Swamp
 27074 | Swamp:4  | Found a transporter.
 27148 | Swamp:4  | Found a transporter.
 27266 | Swamp:4  | Noticed Gokhumny's ghost (adept GnFi)
 27336 | Swamp:4  | Reached skill level 10 in Fighting
 27454 | Swamp:4  | Acquired a +1 pair of gloves of strength
 27612 | Swamp:4  | Slain by an eight-headed hydra

Illustrated notes

Levels and vault maps discovered:
D:1:      beargit_arrival_greenhouse, layout_loops_ring, minmay_misc_feat_tiny
D:2:      layout_loops_ring, kennysheep_jessica_study
D:3:      layout_loops_ring
D:4:      layout_basic, gup_sewer_entry_pipe
D:5:      layout_loops_corners, zin_treasury, cheibriados_altar_1, serial_shops,
          shop, kennysheep_pointless_box
D:6:      layout_loops_corners, general_overflow_altar, uniq_blork_the_orc,
          uniq_crazy_yiuf_cottage
D:7:      layout_basic, nicolae_overflow_crystal_walls, elyvilon_altar_1,
          minmay_temple_entry_wispy, eino_jars
D:8:      layout_gridville, kennysheep_mini, fedhas_bush_and_centaur_altar,
          serial_shops, shop_coins, uniq_grum
D:9:      layout_gridville, kennysheep_little_box, trog_ov_bears_minmay,
          nzn_hepliaklqana_mist_gate, overflow_temple_1_default, uniq_maurice
D:10:     layout_grid_maze, basic_altar, nicolae_qazlal_style_of_elements,
          uniq_erolcha
D:11:     layout_cave_pools, erik_lair_island
D:12:     layout_roguey, david_orc_4, serial_shops, nicolae_shop_trees,
          uniq_snorg, uniq_kirke, uniq_sonja
D:13:     nzn_winding_woodlands_small [nzn_winding_woodlands_5x15_pool,
          nzn_winding_woodlands_center_diamonds,
          nzn_winding_woodlands_5x15_zeroes], layout_loops_corners,
          david_vaults_1, gauntlet_entry_generic,
          nicolae_trove_entry_path_of_doom
D:14:     layout_rooms, serial_bayou_pond_e
D:15:     grunt_enter_depths_giant_problem, layout_basic, serial_shops, shop,
          uniq_azrael
Temple:   minmay_temple_curvy_loop
Lair:1:   layout_cave_pods, infiniplex_staircase_pool_2
Lair:2:   layout_cave_shapes, portal_ice_cave_demonic_guard,
          serial_bayou_shore_b, lemuel_fruit_fields, serial_bayou_shore_a
Lair:3:   layout_long_grid, nicolae_swamp_entry_splash_gauntlet,
          minmay_lindwurm_lava
Lair:4:   layout_cave_pods, nicolae_spider_entry_non_spiders,
          lemuel_old_faithful
Lair:5:   layout_loops_ring, slime_altar_1, kennysheep_abandoned_house
Lair:6:   evilmike_catoblepas_cave, layout_small_grid, basic_altar
Swamp:1:  layout_basic_swamp, serial_swamp_ruin, evilmike_swamp_ruin_rubble_1,
          evilmike_swamp_ruin_house_4, evilmike_swamp_ruin_house_1
Swamp:2:  layout_basic_swamp, hangedman_swamp_lotus
Swamp:3:  layout_basic_swamp, evilmike_swamp_ruin_house_6, swamp_pool4
Swamp:4:  swamp_basic_johnstein, layout_basic_swamp,
          gammafunk_ghost_berserking_beasts, swamp_pool3, kb_tengu_band,
          infiniplex_staircase_pool
Spider:1: layout_spider_delve, uniq_josephine
Spider:2: layout_spider_delve, uniq_arachne
Spider:3: layout_chambers, uniq_mara, uniq_jorgrun
Spider:4: spider_rune_water, hangedman_spider_tarantella_strand

Skill      XL: |  1  2  3  4  5  6  7  8  9 10 11 12 13 14 15 16 17 |
---------------+----------------------------------------------------+-----
Stealth        | 3 4 6 7 9 10 12 13 15 16 17 18 | 18.5
Fighting       | 1 2 3 4 5 6 7 9 10 | 10.0
Throwing       | 1 2 |  2.0
Dodging        | 2 3 4 5 6 7 8 |  8.0
Armour         | 1 2 3 4 |  4.0
Short Blades   | 1 2 3 4 5 6 7 8 9 10 | 10.7
Necromancy     | 5 6 7 9 10 12 13 15 16 17 18 | 18.4
Evocations     | 1 2 3 4 5 6 |  6.0
Shields        | 1 2 3 4 |  4.0
Spellcasting   | 3 4 |  4.0
Long Blades    | |  0.6

Action                   |  1- 3 |  4- 6 |  7- 9 | 10-12 | 13-15 | 16-18 || total
-------------------------+-------+-------+-------+-------+-------+-------++-------
Melee: Unarmed           |     1 |       |       |       |       |       ||     1
       Whip              |    42 |       |       |       |       |       ||    42
       Bite              |    10 |    41 |   100 |   236 |   513 |   352 ||  1252
       Dagger            |    22 |    12 |    37 |   693 |   441 |       ||  1205
       Short sword       |       |   165 |   104 |       |       |       ||   269
       Rapier            |       |       |   156 |       |   646 |   674 ||  1476
       Scimitar          |       |       |     7 |       |       |       ||     7
       Flail             |       |       |     2 |       |       |       ||     2
Throw: Dart              |       |     3 |    18 |    18 |     5 |       ||    44
 Cast: Pain              |    45 |    56 |     6 |     2 |       |       ||   109
       Animate Skeleton  |     1 |     7 |     8 |     2 |       |       ||    18
       Vampiric Draining |       |     2 |     2 |       |       |       ||     4
       Agony             |       |       |       |    21 |    19 |    17 ||    57
       Animate Dead      |       |       |       |     2 |    19 |    17 ||    38
       Excruciating Woun |       |       |       |       |     6 |       ||     6
 Abil: Evoke Flight      |       |       |       |       |     2 |       ||     2
Evoke: Wand              |       |       |     6 |    19 |     6 |     9 ||    40
       Box of beasts     |       |       |       |       |     2 |       ||     2
       Tin of tremorston |       |       |       |       |       |     3 ||     3
  Use: Scroll            |       |     6 |     5 |    12 |    21 |    16 ||    60
       Potion            |       |       |       |       |       |     2 ||     2
 Stab: Sleeping          |     5 |     2 |    14 |    23 |    47 |    30 ||   121
       Distracted        |       |       |     1 |     3 |    12 |     6 ||    22
       Paralysed         |       |       |       |     1 |       |       ||     1
       Confused          |       |       |       |       |       |     1 ||     1
Armor: Robe              |     1 |       |       |       |       |       ||     1
       Acid dragon scale |    33 |    68 |   100 |   119 |   156 |       ||   476
       Leather armour    |       |       |       |       |    31 |   198 ||   229
Dodge: Dodged            |    54 |   118 |   154 |   352 |   519 |   548 ||  1745
Block: Buckler           |       |       |    52 |   163 |   223 |   236 ||   674
